 Dungeon Crawl Stone Soup version 0.28.0-47-ge53b351184 (webtiles) character file.

Game seed: 607690762305728781

280 seaoflcl the Slasher (level 6, 0/47 HPs)
             Began as a Human Fighter on May 2, 2022.
             Slain by an adder (3 damage)
             ... in a sewer.
             The game lasted 00:04:53 (3607 turns).

seaoflcl the Slasher (Human Fighter)                Turns: 3607, Time: 00:04:54

Health: 0/47       AC:  7    Str: 18    XL:     6   Next: 52%
Magic:  6/6        EV:  9    Int:  8    God:
Gold:   146        SH:  9    Dex: 13    Spells: 5/5 levels left

rFire   . . .      SeeInvis .   a - +0 long sword
rCold   . . .      Faith    .   c - +0 buckler
rNeg    . . .      Spirit   .   b - +0 scale mail
rPois   .          Reflect  +   (no helmet)
rElec   .          Harm     .   (no cloak)
rCorr   .          Rampage  .   (no gloves)
Will    .....                   e - +0 pair of boots
Stlth   ..........              h - amulet of reflection
HPRegen 0.15/turn               (no ring)
MPRegen 0.10/turn               (no ring)

@: very slow
A: no striking features
a: no special abilities


You were in a sewer.
You visited 1 branch of the dungeon, and saw 3 of its levels.
You also visited: Sewer.

You collected 146 gold pieces.

Inventory:

Hand Weapons
 a - a +0 long sword (weapon)
 g - a +0 short sword
Armour
 b - a +0 scale mail (worn)
 c - a +0 buckler (worn)
 e - a +0 pair of boots (worn)
Jewellery
 h - an amulet of reflection (around neck)
Scrolls
 i - a scroll of enchant weapon
 m - a scroll of enchant armour {unknown}
Potions
 k - a potion of attraction


   Skills:
 - Level 3.0 Fighting
 + Level 6.4 Long Blades
 - Level 3.0 Armour
 - Level 3.0 Shields


You had 5 spell levels left.
You didn't know any spells.
Your spell library contained the following spells:

 Spells                   Type           Power      Damage    Failure   Level
 Scorch                   Fire           0%         2d5       95%         2
 Flame Wave               Conj/Fire      0%         2d4       100%        4
 Summon Cactus Giant      Summ           0%         N/A       100%        6


Dungeon Overview and Level Annotations

Branches:
Dungeon (3/15)              Sewer (1/1)

Altars:

Shops:
D:1 :


Message History

The adder bites you but does no damage.
Your unstable footing causes you to fumble your attack.
The kobold brigand splashes around in the water.
The adder bites you but does no damage. You block the kobold brigand's attack.
You barely miss the adder. You block the adder's attack.
The kobold brigand splashes around in the water.
You block the adder's attack.
Your unstable footing causes you to fumble your attack.
The adder completely misses you.
The kobold brigand completely misses you.
You barely miss the adder. The adder barely misses you.
The kobold brigand hits you with a +0 dagger.
* * * LOW HITPOINT WARNING * * *
The adder bites you but does no damage.
Your unstable footing causes you to fumble your attack.
The kobold brigand splashes around in the water.
The adder bites you but does no damage.
Your unstable footing causes you to fumble your attack.
The adder bites you.
* * * LOW HITPOINT WARNING * * *
The kobold brigand hits you with a +0 dagger.
* * * LOW HITPOINT WARNING * * *
The adder bites you but does no damage.
Sorry, you're not good enough to have a special ability.
Okay, then.
As you read the scroll labelled HITUDOE QINK, it crumbles to dust.
It is a scroll of identify.
i - a scroll of enchant weapon The kobold brigand splashes around in the water.
The adder closely misses you.
You slash the kobold brigand!
The kobold brigand is severely wounded.
The kobold brigand barely misses you. The adder bites you but does no damage.
You closely miss the kobold brigand.
The kobold brigand is severely wounded.
The adder bites you but does no damage.
The kobold brigand hits you with a +0 dagger.
* * * LOW HITPOINT WARNING * * *
The adder bites you.
You die...

≈.#####
#.≈≈≈≈#####≈.
### #.≈≈.## .
#.≈≈## #≈≈≈#
#≈≈.# ##≈.≈##
#≈K≈≈w#
#≈###K# #.#
#@# #≈# #S#
≈≈. .≈≈
≈#≈#≈#≈# #K
≈#≈ ≈# #≈ w#≈
≈# #. .#. !#
## ##


You could see a kobold brigand, a worm and an adder.

Vanquished Creatures
  2 kobold brigands (Sewer)
  Natasha (thrice) (D:2)
  6 adders
  A river rat (Sewer)
  2 worms (D:3)
  2 dart slugs
  An orc (D:3)
  8 bats
  5 endoplasms
  5 giant cockroaches
  5 goblins
  5 hobgoblins
  A quokka (D:2)
  5 ball pythons
  5 frilled lizards
  8 kobolds
  7 rats
71 creatures vanquished.

Notes
Turn   | Place    | Note
-------+----------+-------------------------------------------
     0 | D:1      | seaoflcl the Human Fighter began the quest for the Orb.
     0 | D:1      | Reached XP level 1. HP: 18/18 MP: 1/1
   188 | D:1      | Reached XP level 2. HP: 24/24 MP: 2/2
   282 | D:1      | Reached skill level 3 in Long Blades
   323 | D:1      | Found Ehutad's Book Shoppe.
   466 | D:1      | Reached XP level 3. HP: 29/29 MP: 3/3
   819 | D:1      | Found a faded altar of an unknown god.
  1267 | D:2      | Reached skill level 4 in Long Blades
  1267 | D:2      | Reached XP level 4. HP: 35/35 MP: 4/4
  1301 | D:2      | Noticed Natasha
  1312 | D:2      | Killed Natasha
  1637 | D:2      | Noticed Natasha
  1651 | D:2      | Killed Natasha
  1652 | D:2      | Reached XP level 5. HP: 41/41 MP: 5/5
  1860 | D:2      | Noticed Natasha
  1881 | D:2      | Killed Natasha
  1882 | D:2      | Reached skill level 5 in Long Blades
  2567 | D:3      | HP: 1/41 [worm (8)]
  2649 | D:3      | Reached XP level 6. HP: 20/47 MP: 6/6
  2684 | D:3      | Found a glowing drain.
  2688 | Sewer    | Entered a sewer
  3006 | Sewer    | Reached skill level 6 in Long Blades
  3607 | Sewer    | Slain by an adder

Illustrated notes

Levels and vault maps discovered:
D:1:      amcnicky_arrival_feature_with_door, layout_loops_ring, serial_shops,
          shop, shapermc_ecumenical_altar_petra, minmay_misc_feat_rugged,
          minmay_tromino_v2
D:2:      layout_loops_ring, uniq_natasha
D:3:      layout_basic, gup_sewer_entry_spiral, interstate_on_off
Sewer:    sewer_co_tree

Skill      XL: |  1  2  3  4  5  6 |
---------------+-------------------+-----
Long Blades    | 3 4 5 6 |  6.4
Fighting       | |  3.0
Armour         | |  3.0
Shields        | |  3.0

Action                   |  1- 3 |  4- 6 || total
-------------------------+-------+-------++-------
Melee: Long sword        |    66 |   229 ||   295
  Use: Potion            |       |     5 ||     5
       Scroll            |       |     1 ||     1
Armor: Scale mail        |    44 |    81 ||   125
Dodge: Dodged            |    34 |    72 ||   106
Block: Buckler           |    21 |   117 ||   138
       Reflection        |       |     5 ||     5
